 Dungeon Crawl Stone Soup version 0.17-a0-2108-g65e8068 (webtiles) character file.

439 Ishikawa the Magician (level 6, -1/46 HPs)
             Began as a Mummy Wizard on Oct 19, 2015.
             Slain by a sky beast (6 damage)
             ... on level 5 of the Dungeon.
             The game lasted 00:22:00 (4233 turns).

Ishikawa the Magician (Mummy Wizard)                Turns: 4233, Time: 00:22:00

Health: -1/46      AC:  4    Str: 12    XL:     6   Next: 70%
Magic:  1/12       EV: 16    Int: 20    God:
Gold:   134        SH:  0    Dex: 10    Spells: 4 memorised, 4 levels left

rFire  x . .     SeeInvis .     e - +1 short sword
rCold  + . .     Clarity  .     n - +0 robe
rNeg   + + +     SustAt   .     (no shield)
rPois  ∞         Gourm    .     i - +1 hat
rElec  .         Spirit   .     h - +0 cloak
rCorr  .         Warding  .     (no gloves)
rMut   .         Stasis   .     (no boots)
MR     .....                    (no amulet)
Stlth  ++........               k - +2 ring of strength
                                m - +4 ring of evasion

@: not resistant to hostile enchantments, unstealthy
A: no food or potions, fire vulnerability, cold resistance 1, negative energy
resistance 3, torment resistance, unbreathing
a: no special abilities


You were on level 5 of the Dungeon.
You were not hungry.

You visited 1 branch of the dungeon, and saw 5 of its levels.
You also visited: Ossuary.

You collected 134 gold pieces.

Inventory:

Hand Weapons
 e - a +1 short sword (weapon)
Armour
 h - a +0 cloak (worn)
 i - a +1 hat (worn)
 n - a +0 robe (worn)
Jewellery
 j - an uncursed ring of teleportation
 k - a +2 ring of strength (right hand)
 m - a +4 ring of evasion (left hand)
Scrolls
 d - 2 scrolls of fear
 f - a scroll of identify
 g - 2 scrolls of teleportation
 l - a scroll of enchant armour
Books
 b - a book of the Earth

   Spells                             Type                      Level
   a - Leda's Liquefaction            Hexes/Earth                  4
   b - Bolt of Magma                  Conjuration/Fire/Earth       5
   c - Statue Form                    Transmutation/Earth          6
   d - Iron Shot                      Conjuration/Earth            6
   e - Shatter                        Earth                        9
 c - a book of Minor Magic

   Spells                             Type                      Level
   a - Magic Dart                     Conjuration                  1
   b - Blink                          Translocation                2
   c - Call Imp                       Summoning                    2
   d - Repel Missiles                 Charms/Air                   2
   e - Slow                           Hexes                        2
   f - Conjure Flame                  Conjuration/Fire             3
   g - Mephitic Cloud                 Conjuration/Poison/Air       3


   Skills:
 + Level 2.9 Fighting
 - Level 1.5 Dodging
 - Level 1.5 Stealth
 + Level 4.0 Spellcasting
 - Level 2.0 Conjurations
 + Level 2.4 Summonings
   Level 0.7 Translocations
 + Level 0.0 Fire Magic
 + Level 1.7 Air Magic
 - Level 2.0 Poison Magic


You had 4 spell levels left.
You knew the following spells:

 Your Spells              Type           Power        Failure   Level  Hunger
a - Magic Dart            Conj           ##..         6%          1    N/A
b - Call Imp              Summ           ##......     10%         2    N/A
c - Mephitic Cloud        Conj/Pois/Air  ##......     21%         3    N/A
d - Conjure Flame         Conj/Fire      #.......     24%         3    N/A

Dungeon Overview and Level Annotations

Branches:
Dungeon (5/15)
 Temple: D:4-7

Altars:
Cheibriados
Dithmenos
Kikubaaqudgha
Nemelex Xobeh
Okawaru
Ru
Sif Muna

Shops:
D:4 :


Innate Abilities, Weirdness & Mutations

You do not eat or drink.
Your flesh is vulnerable to fire.
You are immune to poison.
Your flesh is cold resistant.
You are immune to negative energy.
You are immune to unholy pain and torment.
You can survive without breathing.


Message History

r - Retreat! s - Stop attacking. w - Wait here. f - Follow me.
Anything else - Stay silent.
Gang up on whom?
Press: ? - help, Dir - move target cursor There's nothing there!
You hit something.
Your crimson imp hits something but does no damage.
Your crimson imp closely misses something.
Something barely misses you.
You barely miss something.
Your crimson imp hits something but does no damage.
Your crimson imp closely misses something.
Something barely misses you.
Your crimson imp barely misses something.
You closely miss something.
Your crimson imp misses something.
Something hits you.
* * * LOW HITPOINT WARNING * * *
Something shocks you.
You die...

#..........#
##........## .. ####
##.......#
#.#####.≈##
###....##
..........# ##..##
..........## ##.##
......55...######..#
....%.5{..........##
.......@..........#
.................##
.#..#............#
#. ##########...#
##..# #.## ..# ...
..


You could see 2 friendly crimson imps and a friendly white imp.

Vanquished Creatures
  A giant frog skeleton (D:4)
  A big kobold zombie (Ossuary)
  2 hound skeletons
  2 adders (D:3)
  A giant gecko (D:3)
  2 orcs (D:4)
  12 bats
  6 giant cockroaches
  7 goblins
  8 hobgoblins
  2 jackals (D:3)
  4 kobolds
  2 quokkas (D:3)
  6 giant newts
  A kobold zombie (Ossuary)
  A quokka skeleton (D:4)
  4 rats (D:1)
62 creatures vanquished.

Vanquished Creatures (collateral kills)
  Grinder (D:3)
  An ogre (D:4)
  A scorpion (D:5)
  A centaur zombie (D:3)
  2 worker ants
  A mummy (D:4)
  2 adders (D:3)
  An adder zombie (Ossuary)
  A worm (D:2)
  An orc (D:3)
  2 jackals (D:3)
  2 kobolds
  2 rats
18 creatures vanquished.

Grand Total: 80 creatures vanquished

Notes
Turn   | Place    | Note
--------------------------------------------------------------
     0 | D:1      | Ishikawa the Mummy Wizard began the quest for the Orb.
     0 | D:1      | Reached XP level 1. HP: 13/13 MP: 4/4
   122 | D:1      | Reached skill level 1 in Conjurations
   218 | D:1      | Reached XP level 2. HP: 15/20 MP: 0/6
   222 | D:1      | Learned a level 2 spell: Call Imp
   617 | D:1      | Reached skill level 1 in Summonings
   839 | D:2      | Reached skill level 1 in Fighting
   984 | D:2      | Reached XP level 3. HP: 26/26 MP: 3/7
   991 | D:2      | Learned a level 3 spell: Mephitic Cloud
  1788 | D:3      | Reached XP level 4. HP: 11/32 MP: 4/9
  1944 | D:3      | Found a sacrificial altar of Ru.
  2046 | D:3      | Noticed Grinder
  2420 | D:3      | Paralysed by Grinder for 4 turns
  2441 | D:3      | Killed Grinder
  2441 | D:3      | Reached skill level 1 in Air Magic
  2441 | D:3      | Reached skill level 1 in Poison Magic
  2441 | D:3      | Reached XP level 5. HP: 13/38 MP: 1/10
  2608 | D:3      | Learned a level 3 spell: Conjure Flame
  2743 | D:4      | Noticed an ogre
  2768 | D:4      | Killed an ogre
  2768 | D:4      | Reached XP level 6. HP: 44/46 MP: 2/11
  2832 | D:4      | Found Yplepofu's Book Shop.
  2851 | D:4      | Found a sparkling altar of Nemelex Xobeh.
  2902 | D:4      | Found a sand-covered staircase.
  2908 | Ossuary  | Entered an ossuary
  2910 | Ossuary  | Noticed aves's ghost (novice VSFi)
  3545 | D:4      | Found a shadowy altar of Dithmenos.
  3545 | D:4      | Found an ancient bone altar of Kikubaaqudgha.
  3547 | D:4      | Found a snail-covered altar of Cheibriados.
  3741 | D:4      | Found a deep blue altar of Sif Muna.
  3743 | D:4      | Found an iron altar of Okawaru.
  4124 | D:5      | Entered Level 5 of the Dungeon
  4166 | D:5      | Reached skill level 4 in Spellcasting
  4233 | D:5      | Slain by a sky beast

Vault maps used:
D:1:      scummos_arrival_gate
D:2:      grunt_ministairs_6, st_stairs_10
D:3:      nicolae_ru_awakened_eye, uniq_grinder
D:4:      old_standard_altar, nicolae_overflow_hidden_temple, minitemple,
          gup_ossuary_entry_pyramid, serial_shops, shop,
          minmay_misc_feat_pillars, kennysheep_windowed_goal
D:5:      first_bread
Ossuary:  ossuary_minmay_tomb_2a

Action                   |  1- 3 |  4- 6 || total
-------------------------+-------+-------++-------
Melee: Short sword       |    91 |    89 ||   180
 Cast: Magic Dart        |    65 |    44 ||   109
       Call Imp          |    10 |    31 ||    41
       Mephitic Cloud    |       |     6 ||     6
       Conjure Flame     |       |     2 ||     2
  Use: Scroll            |     4 |     1 ||     5
 Stab: Sleeping          |     1 |       ||     1
       Confused          |       |     3 ||     3
